 Dungeon Crawl Stone Soup version 0.24-a0-584-g9d6b971ae4 (webtiles) character file.

Game seed: 5400501750618759788, levelgen mode: deterministic

695 Mithandil the Schismatic (level 7, 54/54 HPs)
             Began as a Demonspawn Abyssal Knight on Sept 6, 2019.
             Was an Elder of Lugonu.
             Quit the game on level 5 of the Dungeon.
             The game lasted 00:24:28 (3931 turns).

Mithandil the Schismatic (DsAK)                     Turns: 3931, Time: 00:24:29

Health: 54/54      AC: 15    Str: 14    XL:     7   Next: 37%
Magic:  10/10      EV:  4    Int: 14    God:    Lugonu [****..]
Gold:   305        SH:  0    Dex: 12    Spells: 6/6 levels left

rFire    . . .     SeeInvis .   a - +1 spear (distort)
rCold    . . .     Gourm    .   (no shield)
rNeg     + . .     Faith    .   e - +2 plate armour
rPois    +         Spirit   +   (helmet restricted)
rElec    .         Reflect  .   t - +0 cloak
rCorr    .         Harm     .   (no gloves)
MR       .....                  z - +0 pair of boots
Stlth    ..........             (no amulet)
HPRegen  0.18/turn              s - ring of poison resistance
MPRegen  0.24/turn              x - ring of positive energy

@: no status effects
A: antennae 1, spiny 1, magic shield, magic regeneration, magic link
a: Depart the Abyss, Bend Space, Banish, Corrupt, Renounce Religion


You were on level 5 of the Dungeon.
You worshipped Lugonu.
Lugonu was greatly pleased with you.
You were not hungry.

You visited 1 branch of the dungeon, and saw 5 of its levels.
You visited the Abyss 1 time.

You collected 305 gold pieces.

Inventory:

Hand Weapons
 a - a +1 spear of distortion (weapon)
 b - a +0 shortbow
 A - a +1 falchion
 C - a +0 hunting sling
 E - a +2 dagger of speed
 G - a +2 trident of freezing
Missiles
 h - 72 arrows
 p - 342 stones (quivered)
 r - 6 atropa-tipped darts
 D - 43 sling bullets
 F - 3 silver boomerangs
Armour
 e - a +2 plate armour (worn)
 t - a +0 cloak (worn)
 z - a +0 pair of boots (worn)
Jewellery
 s - a ring of poison resistance (left hand)
 u - an uncursed ring of wizardry
 x - a ring of positive energy (right hand)
Wands
 d - a wand of digging (6)
 y - a wand of acid (1)
Scrolls
 i - 2 scrolls of identify
 m - a scroll of remove curse
 o - a scroll of amnesia
 w - a scroll of teleportation
Potions
 k - 2 potions of curing
Comestibles
 c - 8 rations


   Skills:
 + Level 4.3 Fighting
 - Level 2.4 Long Blades
 * Level 3.0 Polearms
 + Level 3.3 Armour
 + Level 2.9 Dodging
 + Level 2.5 Unarmed Combat
 + Level 4.5 Invocations


You had 6 spell levels left.
You didn't know any spells.
Your spell library was empty.

Dungeon Overview and Level Annotations

Branches:
Dungeon (5/15)             Temple (0/1) D:4

Altars:
Kikubaaqudgha
Sif Muna
Wu Jian


Innate Abilities, Weirdness & Mutations

You have a pair of small antennae on your head.
You are partially covered in sharp spines.
When hurt, damage is shared between your health and your magic reserves.
You regenerate magic rapidly.
When low on magic, you restore magic in place of health.


Message History

The big kobold hits you but does no damage.
You hit the big kobold.
Space warps horribly around the big kobold!!
You kill the big kobold!
Lugonu accepts your kill.
Your Polearms skill increases to level 3!
Things that are here:
a +0 short sword; a big kobold corpse You enter the shallow water.
Moving in this stuff is going to be slow.
You see here a +0 hunting sling.
You enter the shallow water.
Moving in this stuff is going to be slow.
Partly explored, can't reach some places.
Things that are here:
a +0 short sword; a big kobold corpse
There is a stone staircase leading down here.
You climb downwards.
There is a stone staircase leading up here.
Are you sure you want to abandon this character and quit the game? (Confirm with "yes".)

#.................. .#
#.................
...## #..............#
.....###.............#
#...............<#..##
#...............##..#
#.............#...##
##................#
#........@...##...#
##...#.......###..#
#..####.....# ##...
...# ##....# ....#
.... ###...# ..###
.... ##..# .## #.## ##
##


There were no monsters in sight!

Vanquished Creatures
  3 big kobolds (D:4)
  A bullfrog skeleton (D:5)
  3 orc wizards (D:4)
  A hound (D:4)
  6 gnolls (D:4)
  4 adders
  4 worms
  3 dart slugs (D:1)
  5 leopard geckos
  14 orcs
  3 giant cockroaches
  34 goblins
  24 hobgoblins
  A quokka (D:5)
  A ball python (D:2)
  8 bats
  2 frilled lizards
  8 kobolds
  A quokka zombie (D:5)
  6 rats
132 creatures vanquished.

Vanquished Creatures (others)
  A big kobold (D:4)
  A crimson imp (D:4)
  A hound (D:4)
  A gnoll (D:4)
  2 hobgoblins (D:4)
  A bat (D:3)
7 creatures vanquished.

Grand Total: 139 creatures vanquished

Notes
Turn   | Place    | Note
-------+----------+-------------------------------------------
     0 | Abyss:1  | Mithandil the Demonspawn Abyssal Knight began the quest for
                  | the Orb.
     0 | Abyss:1  | Reached XP level 1. HP: 18/18 MP: 2/2
    41 | Abyss:1  | Noticed an earth elemental
    56 | Abyss:2  | Noticed a great orb of eyes
    65 | Abyss:2  | Paralysed by a great orb of eyes for 3 turns
    91 | D:1      | Escaped the Abyss
   124 | D:1      | Reached skill level 1 in Dodging
   207 | D:1      | Reached * piety under Lugonu
   207 | D:1      | Gained mutation: You have a pair of small antennae on your
                  | head. [demonic ancestry]
   207 | D:1      | Reached XP level 2. HP: 14/24 MP: 3/3
   303 | D:2      | Found an ornate altar of the Wu Jian Council.
   318 | D:2      | Found an ancient bone altar of Kikubaaqudgha.
   371 | D:3      | Gained mutation: When hurt, damage is shared between your
                  | health and your magic reserves. [demonic ancestry]
   371 | D:3      | Reached XP level 3. HP: 14/29 MP: 5/5
   879 | D:1      | Reached skill level 1 in Unarmed Combat
  1074 | D:1      | Reached ** piety under Lugonu
  1209 | D:3      | Gained mutation: You regenerate magic rapidly. [demonic
                  | ancestry]
  1209 | D:3      | Reached XP level 4. HP: 9/35 MP: 1/6
  1405 | D:2      | Found a shimmering blue altar of Sif Muna.
  2361 | D:5      | Entered Level 5 of the Dungeon
  2375 | D:5      | Gained mutation: You are partially covered in sharp spines.
                  | [demonic ancestry]
  2375 | D:5      | Reached XP level 5. HP: 38/41 MP: 7/7
  2527 | D:4      | Reached skill level 1 in Polearms
  2616 | D:4      | Reached *** piety under Lugonu
  2630 | D:4      | Reached XP level 6. HP: 3/48 MP: 1/8
  3338 | D:4      | Found a staircase to the Ecumenical Temple.
  3348 | D:4      | Reached **** piety under Lugonu
  3505 | D:4      | Gained mutation: When low on magic, you restore magic in
                  | place of health. [demonic ancestry]
  3505 | D:4      | Reached XP level 7. HP: 53/54 MP: 10/10
  3931 | D:5      | Quit the game

Levels and vault maps discovered:
D:1:      lemuel_arrival_rhombus, layout_rooms
D:2:      layout_rooms, grunt_temple_overflow_open, marbit_many_paths,
          first_ration
D:3:      layout_basic, minmay_misc_feat_more_columns, st_stairs_11,
          minmay_fountain_box
D:4:      minmay_goblin_kobold_castle, layout_basic,
          minmay_temple_entry_gardened_gates
D:5:      layout_layer_cave, chequers_temple_overflow_minitemple,
          nicolae_overflow_hidden_temple, uniq_menkaure, uniq_blork_the_orc

Skill      XL: |  1  2  3  4  5  6  7 |
---------------+----------------------+-----
Dodging        | 1 2 |  2.9
Long Blades    | 2 |  2.4
Armour         | 2 3 |  3.3
Invocations    | 3 4 |  4.5
Unarmed Combat | 1 2 |  2.5
Polearms       | 1 2 3 |  3.0
Fighting       | 4 |  4.3

Action                   |  1- 3 |  4- 6 |  7- 9 || total
-------------------------+-------+-------+-------++-------
Melee: Falchion          |   160 |    57 |       ||   217
       Spear             |       |   188 |    17 ||   205
       Punch             |       |     1 |       ||     1
Invok: Depart the Abyss  |     1 |       |       ||     1
Evoke: Wand              |       |     2 |       ||     2
  Use: Scroll            |       |     3 |     9 ||    12
       Potion            |       |     2 |     1 ||     3
  Eat: Chunk             |     1 |     8 |     1 ||    10
Armor: Plate armour      |   208 |   245 |    15 ||   468
Dodge: Dodged            |    44 |    45 |     5 ||    94
       Rpst.: Falchion   |    14 |     3 |       ||    17

Table legend:
 A = Non-vault XP
 B = Vault XP
 C = Vault XP percentage of total XP
 D = Non-vault monster count
 E = Vault monster count
 F = Vault count percentage of total count
                 A         B        C        D         E       F
            +---------+---------+-------+---------+---------+-------
      Total |     456 |     537 |  54.1 |      74 |      65 |  46.8
            +---------+---------+-------+---------+---------+-------
        D:1 |      40 |       0 |   0.0 |      20 |       0 |   0.0
        D:2 |      51 |       1 |   1.9 |      14 |       1 |   6.7
        D:3 |      60 |       7 |  10.4 |      21 |       3 |  12.5
        D:4 |     260 |     529 |  67.0 |      16 |      61 |  79.2
        D:5 |      45 |       0 |   0.0 |       3 |       0 |   0.0
            +---------+---------+-------+---------+---------+-------
